 Dungeon Crawl Stone Soup version 0.27-a0-1529-g1e82c303ef (webtiles) character file.

Game seed: 4152524153164111806

210241 Morbidden the Eclecticist (level 19, -7/140 HPs)
             Began as a Djinni Fire Elementalist on July 12, 2021.
             Was the Champion of Makhleb.
             Killed from afar by an eleionoma (22 damage)
             ... with a spray of wooden splinters
             ... on level 2 of the Swamp.
             The game lasted 01:35:24 (36560 turns).

Morbidden the Eclecticist (DjFE)                   Turns: 36560, Time: 01:35:24

Health: -7/140     AC: 15    Str: 13    XL:     19   Next: 56%
Gold:   1892       EV: 20    Int: 23    God:    Makhleb [******] SH:  9 Dex: 20

rFire    + + .     SeeInvis +   b - +2 demon blade (elec)
rCold    x . .     Faith    .   S - +2 buckler
rNeg     . . .     Spirit   .   G - +2 troll leather armour
rPois    ∞         Reflect  .   B - +0 hat of the Gloaming {Dex+4 Slay+2 SInv}
rElec    .         Harm     .   o - +0 cloak
rCorr    .         Rampage  .   m - +2 pair of gloves {Stlth+}
Will     ++...                  (boots unavailable)
Stlth    +++++.....             h - amulet of regeneration
HPRegen  2.33/turn              C - +4 ring of protection
MPRegen  0.00/turn              U - ring "Ituykhaf" {Will+ Int+6 Stlth+}

@: flying, studying Armour
A: sickness immunity, fire resistance 2, cold vulnerability 1, float, innate
caster, hp casting, extra vitality 1
}: 1/15 runes: serpentine
a: Renounce Religion, Minor Destruction, Lesser Servant of Makhleb, Major
Destruction, Greater Servant of Makhleb


You were on level 2 of the Swamp.
You worshipped Makhleb.
Makhleb was exalted by your worship.
You visited 6 branches of the dungeon, and saw 30 of its levels.
You also visited: Gauntlet and Volcano.

You collected 3682 gold pieces.
You spent 1790 gold pieces at shops.

Inventory:

Hand Weapons
 a - a +1 dagger of speed
 b - a +2 demon blade of electrocution (weapon)
 q - a +3 scimitar of flaming
 P - a +0 double sword of flaming
Missiles
 s - 62 boomerangs
 t - 9 silver javelins
 u - 4 curare-tipped darts
 y - 5 throwing nets
 R - 4 javelins (quivered)
Armour
 m - a +2 pair of gloves of stealth (worn)
 o - a +0 cloak (worn)
 B - the +0 hat of the Gloaming (worn) {Dex+4 Slay+2 SInv}
   (You bought it in a shop on level 3 of the Snake Pit)

   Dex:       It affects your dexterity (+4).
   Slay:      It affects your accuracy & damage with ranged weapons and melee
   (+2).
   SInv:      It lets you see invisible.
 G - a +2 troll leather armour (worn)
 I - a +0 kite shield
 S - a +2 buckler (worn)
 Z - the +2 tower shield of the Pit {Dex+5}
   (You found it on level 3 of the Lair of Beasts)

   Dex:       It affects your dexterity (+5).
Jewellery
 c - a ring of ice
 h - an amulet of regeneration (around neck)
 l - a ring of protection from cold
 C - a +4 ring of protection (left hand)
 O - a +4 ring of slaying
 U - the ring "Ituykhaf" (right hand) {Will+ Int+6 Stlth+}
   (You bought it in a shop on level 2 of the Snake Pit)

   [ring of intelligence]

   Int:       It affects your intelligence (+6).
   Will:      It increases your willpower.
   Stlth:     It makes you more stealthy.
Wands
 A - a wand of charming (17)
 E - a wand of mindburst (21)
 H - a wand of acid (33)
 L - a wand of iceblast (19)
 T - a wand of digging (10)
 W - a wand of flame (42)
Scrolls
 i - 18 scrolls of identify
 k - 2 scrolls of teleportation
 n - 2 scrolls of silence
 p - 2 scrolls of magic mapping
 r - a scroll of fog
 F - 2 scrolls of fear
 V - a scroll of holy word
Potions
 d - a potion of ambrosia
 e - 2 potions of berserk rage
 f - 2 potions of heal wounds
 g - 11 potions of curing
 j - 6 potions of flight
 v - 3 potions of brilliance
 w - a potion of lignification
 x - 7 potions of mutation
 z - 2 potions of haste
 D - 6 potions of might
 M - a potion of invisibility
 X - 2 potions of resistance
 Y - a potion of cancellation
Miscellaneous
 K - a piece from Xom's chessboard (15/15)
 N - a phantom mirror (inert)


   Skills:
 * Level 14.2 Fighting
 + Level 4.5(8.5) Short Blades
 * Level 11.1(11.5) Long Blades
 + Level 0.3 Throwing
 + Level 6.0 Armour
 * Level 11.8 Dodging
 + Level 4.7 Stealth
 * Level 8.5 Shields
 * Level 17.3 Spellcasting
 * Level 9.1 Invocations
 + Level 1.1 Evocations


You couldn't memorise any spells.
You knew the following spells:

 Your Spells              Type           Power      Damage    Failure   Level
a - Fireball              Conj/Fire      39%        3d16      1%          5
b - Starburst             Conj/Fire      39%        8x6d11    1%          6
c - Spellforged Servitor  Conj/Summ      39%        N/A       2%          7
d - Inner Flame           Hex/Fire       78%        N/A       0%          3
e - Foxfire               Conj/Fire      100%       2x1d9     0%          1
f - Conjure Flame         Conj/Fire      78%        6-21      0%          3
g - Blink                 Tloc           N/A        N/A       0%          2
h - Swiftness             Air            78%        N/A       0%          3
i - Pain                  Necr           100%       1d9       0%          1
j - Leda's Liquefaction   Hex/Erth       39%        N/A       1%          4
k - Metabolic Englaciati  Hex/Ice        39%        N/A       1%          5
l - Call Canine Familiar  Summ           78%        N/A       0%          3
x - Summon Hydra          Summ           39%        N/A       2%          7
z - Sticky Flame          Conj/Fire      78%        2d9       1%          4
Your spell library was empty.

Dungeon Overview and Level Annotations

Branches:
Dungeon (15/15)            Temple (1/1) D:7            Lair (6/6) D:10
  Swamp (2/4) Lair:3        Snake (4/4) Lair:4        Slime (0/5) Lair:6
    Orc (2/2) D:10            Elf (0/3) Orc:2        Vaults (0/5) D:14
 Depths (0/5) D:15        Volcano (visited)         Gauntlet (visited)

Altars:
Ashenzari
Cheibriados
Dithmenos
Elyvilon
Fedhas
Gozag
Hepliaklqana
Kikubaaqudgha
Makhleb
Nemelex Xobeh
Okawaru
Qazlal
Ru
Sif Muna
Trog
Uskayaw
Vehumet
Wu Jian
Xom
Yredelemnul
Zin
The Shining One
Jiyva

Shops:
D:9 (   Orc:2 (!=*   Snake:2 =::   Snake:3 !:(*

Portals:
Pandemonium: Orc:2

Annotations:
D:5 Dowan
D:11 exclusion: ugly thing
Lair:2 2 transporters, Morbidden's ghost, journeyman TrWz
Swamp:2 Aizul


Innate Abilities, Weirdness & Mutations

You are immune to sickness and miasma.
You are immune to poison.
Your flesh is very heat resistant. (rF++)
You are vulnerable to cold. (rC-)
You float through the air rather than walking.
You learn spells naturally, not from books.
Your magical power is your life essence.
You have superior vitality. (+4 HP)


Message History

Casting: Starburst (mildly dangerous; 1% risk of failure)
Press: ? - help, Dir - look around, f - activate The bolt of fire hits the bog body!!
The bog body resists.
You destroy the bog body!
Makhleb accepts your kill.
You feel better.
Unknown command.
Casting: Starburst (mildly dangerous; 1% risk of failure)
Confirm with . or Enter, or press ? or * to list all spells.
Casting: Starburst (mildly dangerous; 1% risk of failure)
Press: ? - help, Dir - look around, f - activate The bolt of fire misses Aizul.
Aizul casts a spell at you. The poison arrow hits you! You partially resist.
* * * LOW HITPOINT WARNING * * *
Unknown command.
Unknown command.
Unknown command.
Casting: Starburst (mildly dangerous; 1% risk of failure)
Confirm with . or Enter, or press ? or * to list all spells.
Casting: Starburst (mildly dangerous; 1% risk of failure)
Press: ? - help, Dir - look around, f - activate The bolt of fire hits Aizul!!
Aizul is moderately wounded.
* * * LOW HITPOINT WARNING * * *
The eleionoma hurls a spray of splinters at you.
The spray of wooden splinters hits you!
* * * LOW HITPOINT WARNING * * *
Casting: Starburst (mildly dangerous; 1% risk of failure)
Confirm with . or Enter, or press ? or * to list all spells.
Casting: Starburst (mildly dangerous; 1% risk of failure)
Press: ? - help, Dir - look around, f - activate The bolt of fire misses Aizul.
* * * LOW HITPOINT WARNING * * *
Aizul is engulfed in spectral mist.
Aizul coils herself and waves her upper body at you.
The bolt of poison misses you.
The eleionoma hurls a spray of splinters at you.
The spray of wooden splinters hits you!!
You die...

.?. ...≈.. #.. ...≈≈.
.. #.. #...§..
..###.....#.....
.......#.....≈≈≈
.≈≈....†.....≈....≈
≈...○≈....##......≈.
.≈..S°°@°#...........
≈≈.......☼○#.....≈≈.≈≈
...≈.°☼○°.##..≈.....≈
≈...°.#○°R....≈.≈...♣
.##...##..#...≈≈.≈..♣♣
#....##..).§.≈.≈..≈.♣
###.......♣.§..≈....♣
........♣≈§.≈≈.≈♣.≈♣♣♣
.≈..≈..♣♣♣≈.♣.≈...≈.♣≈


You could see Aizul and an eleionoma.

Vanquished Creatures
  A tentacled monstrosity (Swamp:2)
  Asterion (Snake:3)
  Kirke (D:12)
  Frances (Swamp:2)
  Donald (Swamp:2)
  8 nagarajas
  A stone giant (D:15)
  A bunyip (Swamp:1)
  A fire dragon (Lair:6)
  A rakshasa (D:14)
  14 hydras
  2 boulder beetles
  Fannar (D:12)
  4 vault guards (D:14)
  4 salamander tyrants
  Erolcha (Orc:2)
  10 naga warriors
  2 ogre magi
  2 ghost crabs (Swamp:2)
  13 two-headed ogres
  20 anacondas
  An alligator (Swamp:2)
  5 centaur warriors
  A death knight (D:14)
  Erica (D:8)
  5 death yaks
  A sun demon (Orc:2)
  Sonja (Lair:6)
  4 orc high priests (Orc:2)
  3 shock serpents
  5 naga sharpshooters
  A wretched star (Gauntlet)
  A salamander mystic (Snake:4)
  2 skeletal warriors (Volcano)
  A goliath frog (Swamp:2)
  A spriggan druid (Swamp:2)
  An infernal demonspawn (Orc:2)
  A torturous demonspawn (Orc:2)
  7 naga ritualists
  3 anaconda skeletons (Volcano)
  2 wizards (D:15)
  4 bog bodies
  3 lindwurms (Lair:6)
  5 deep elf pyromancers
  10 mana vipers
  5 orc knights
  2 orc sorcerers (Orc:2)
  3 wolf spiders
  2 oklob plants (Lair:3)
  9 salamanders
  A will-o-the-wisp (Swamp:2)
  12 ugly things
  4 cyclopes
  3 manticores
  3 elephants (Lair:2)
  33 black mambas
  5 torpor snails (Lair:6)
  15 naga magi
  10 guardian serpents
  13 cane toads
  5 gargoyles (Volcano)
  Maggie (D:7)
  An efreet (D:14)
  A kobold demonologist (D:14)
  3 rime drakes
  5 komodo dragons
  An unseen horror (D:12)
  An ice devil (Gauntlet)
  A hellwing (Orc:2)
  8 polar bears
  A meliai (shapeshifter) (D:14)
  7 trolls
  10 hornets
  5 dream sheep
  2 harpy skeletons (Volcano)
  14 slime creatures
  4 tyrant leeches
  9 blink frogs
  2 redbacks (Lair:6)
  3 flying skulls (Volcano)
  A spriggan (shapeshifter) (D:15)
  A shadow (D:12)
  7 spriggans
  15 wyverns
  An alligator skeleton (Volcano)
  A wraith (D:14)
  6 basilisks
  A steam dragon (D:9)
  A hog (D:12)
  39 yaks
  Menkaure (D:7)
  46 nagas
  6 swamp worms
  7 vampire mosquitoes
  3 wargs
  2 acid dragons
  28 water moccasins
  28 orc warriors
  Duvessa (D:5)
  A swamp drake (Swamp:2)
  3 black bears
  2 ice beasts
  9 boggarts
  9 centaurs
  10 ogres
  14 wolves
  A kobold brigand (D:9)
  A phantom (D:4)
  13 bullfrogs
  A scorpion (D:4)
  A gnoll sergeant (D:12)
  A wyvern skeleton (D:7)
  16 killer bees
  2 troll skeletons (Volcano)
  2 spriggan skeletons (Volcano)
  A wight (D:9)
  3 howler monkeys (D:8)
  5 electric eels (Lair:2)
  4 centaur zombies
  A bullfrog skeleton (D:6)
  21 orc priests
  A gnoll shaman (D:6)
  A jelly (Gauntlet)
  A centaur skeleton (D:7)
  3 iguanas
  12 orc wizards
  A killer bee zombie (D:7)
  A hound skeleton (D:4)
  2 howler monkey zombies
  3 adders
  15 gnolls
  A shadow imp (D:6)
  6 white imps
  An ufetubus (D:7)
  2 worms
  2 dart slugs
  66 orcs
  3 bats
  6 endoplasms
  3 giant cockroaches (D:1)
  5 goblins
  15 hobgoblins
  13 jackals
  12 kobolds
  A quokka (D:4)
  7 ball pythons
  A frilled lizard (D:3)
  4 rats
867 creatures vanquished.

Vanquished Creatures (collateral kills)
  A tentacled monstrosity (Swamp:1)
  An eleionoma (Swamp:1)
  A minotaur (Gauntlet)
  A hydra (D:12)
  2 naga warriors (Snake:4)
  2 alligators (Swamp:1)
  5 anacondas
  3 naga sharpshooters (Snake:4)
  An orc high priest (Orc:2)
  2 salamander mystics (Snake:4)
  A spriggan druid (Swamp:1)
  A goliath frog (Swamp:1)
  A swamp dragon (Swamp:1)
  A mana viper (Snake:4)
  6 naga ritualists
  2 orc knights (Orc:2)
  A manticore (D:8)
  5 orc sorcerers (Orc:2)
  4 salamanders
  A naga mage (Snake:1)
  A centaur zombie (D:11)
  4 black mambas
  3 guardian serpents (Snake:4)
  A hellwing (Orc:2)
  A troll (D:12)
  2 blink frogs
  A hornet (Swamp:1)
  2 slime creatures (Gauntlet)
  A polar bear (Lair:5)
  A shadow (D:12)
  A wyvern (Lair:1)
  A vampire (D:12)
  2 spriggans
  A nameless horror (Orc:2)
  4 yaks
  A wraith (D:11)
  6 nagas
  A warg (Orc:2)
  A swamp worm (Swamp:1)
  A water moccasin (Lair:1)
  An orc warrior (Orc:2)
  A swamp drake (Swamp:1)
  3 black bears (Lair:1)
  A small abomination (Gauntlet)
  An ogre (Orc:2)
  2 wolves (Lair:3)
  2 bullfrogs
  3 orc priests (Orc:2)
  An orc wizard (D:4)
  A white imp (D:8)
  5 orcs
  21 foxfires
120 creatures vanquished.

Vanquished Creatures (others)
  A cyclops (D:12)
  A harpy skeleton (Volcano)
  4 humans (D:12)
  A naga (Snake:3)
  628 foxfires
  25 fungi
  168 plants
828 creatures vanquished.

Grand Total: 1815 creatures vanquished

Notes
Turn   | Place    | Note
-------+----------+-------------------------------------------
     0 | D:1      | Morbidden the Djinni Fire Elementalist began the quest for
                  | the Orb.
     0 | D:1      | Reached XP level 1. HP: 15/15 MP: 0/0
   445 | D:1      | Reached XP level 2. HP: 18/21 MP: 0/0
   979 | D:1      | Reached XP level 3. HP: 7/26 MP: 0/0
   979 | D:1      | Learned a level 1 spell: Pain
  1605 | D:1      | Reached skill level 3 in Spellcasting
  2443 | D:2      | Reached XP level 4. HP: 23/31 MP: 0/0
  2882 | D:2      | Found a hazy altar of Hepliaklqana.
  3474 | D:3      | Reached XP level 5. HP: 14/36 MP: 0/0
  3474 | D:3      | Learned a level 2 spell: Blink
  3703 | D:3      | Found a faded altar of an unknown god.
  3750 | D:3      | Reached skill level 1 in Fighting
  4128 | D:3      | Reached skill level 4 in Spellcasting
  4901 | D:4      | Reached XP level 6. HP: 24/42 MP: 0/0
  5208 | D:4      | Noticed a black bear
  5259 | D:4      | Killed a black bear
  5424 | D:4      | Reached skill level 5 in Spellcasting
  5424 | D:4      | Reached XP level 7. HP: 38/47 MP: 0/0
  5424 | D:4      | Learned a level 3 spell: Swiftness
  5771 | D:4      | Found an iron altar of Okawaru.
  6511 | D:5      | Entered Level 5 of the Dungeon
  6565 | D:5      | Found a white marble altar of Elyvilon.
  6572 | D:5      | Found a burning altar of Makhleb.
  6616 | D:5      | Reached skill level 1 in Armour
  6620 | D:5      | Reached XP level 8. HP: 9/54 MP: 0/0
  6794 | D:5      | Noticed Duvessa
  6794 | D:5      | Noticed Dowan
  6811 | D:5      | Killed Duvessa
  6812 | D:5      | Reached skill level 1 in Short Blades
  6812 | D:5      | Reached skill level 6 in Spellcasting
  8980 | D:6      | Found a shimmering altar of Xom.
  9097 | D:6      | Found a bloodstained altar of Trog.
  9289 | D:7      | Found a staircase to the Ecumenical Temple.
  9299 | D:7      | Reached XP level 9. HP: 57/60 MP: 0/0
  9299 | D:7      | Learned a level 3 spell: Call Canine Familiar
  9302 | D:7      | Noticed a troll
  9312 | D:7      | Killed a troll
  9313 | D:7      | Reached skill level 7 in Spellcasting
  9334 | Temple   | Entered the Ecumenical Temple
  9953 | D:7      | Noticed Menkaure
  9957 | D:7      | Killed Menkaure
 10928 | D:7      | Noticed Maggie
 10940 | D:7      | Killed Maggie
 10941 | D:7      | Reached skill level 5 in Dodging
 11171 | D:8      | Noticed a manticore
 11185 | D:8      | Killed a manticore
 11186 | D:8      | Reached skill level 8 in Spellcasting
 11186 | D:8      | Reached XP level 10. HP: 11/67 MP: 0/0
 11321 | D:8      | Noticed a two-headed ogre
 11707 | D:7      | HP: 1/67 [yak (12)]
 12252 | D:8      | Killed a two-headed ogre
 13223 | D:9      | Noticed Erica
 13241 | D:8      | Reached skill level 9 in Spellcasting
 13244 | D:8      | Killed Erica
 13245 | D:8      | Reached skill level 5 in Fighting
 13596 | D:9      | Reached XP level 11. HP: 54/75 MP: 0/0
 13596 | D:9      | Learned a level 4 spell: Leda's Liquefaction
 14082 | D:9      | Found Dota's Antique Weapon Boutique.
 14110 | D:9      | Noticed a two-headed ogre
 14111 | D:9      | Reached skill level 1 in Long Blades
 14114 | D:9      | Killed a two-headed ogre
 14466 | D:10     | Entered Level 10 of the Dungeon
 14512 | D:10     | Noticed a two-headed ogre
 14513 | D:10     | Noticed a death yak
 14515 | D:10     | Killed a two-headed ogre
 14517 | D:10     | Killed a death yak
 14518 | D:10     | Reached skill level 10 in Spellcasting
 14558 | D:10     | Found a staircase to the Lair.
 14596 | D:10     | Noticed a two-headed ogre
 14600 | D:10     | Killed a two-headed ogre
 14728 | D:10     | Found a staircase to the Orcish Mines.
 14817 | D:10     | Identified the +1 ring mail of the Salmon {rN+}
 15130 | D:10     | Reached skill level 5 in Armour
 15544 | D:5      | Became a worshipper of Makhleb the Destroyer
 15719 | D:11     | Reached XP level 12. HP: 59/84 MP: 0/0
 15860 | D:11     | Found a gate leading to a gauntlet.
 15887 | Gauntlet | Entered a Gauntlet
 15887 | Gauntlet | Found a transporter.
 15887 | Gauntlet | Found a transporter.
 15887 | Gauntlet | Found a transporter.
 15902 | Gauntlet | Found a transporter.
 15902 | Gauntlet | Found a transporter.
 15910 | Gauntlet | Found a transporter.
 15913 | Gauntlet | Found a transporter.
 15925 | Gauntlet | Found a transporter.
 15941 | Gauntlet | Found a transporter.
 15944 | Gauntlet | Noticed a wretched star
 15961 | Gauntlet | Found a transporter.
 15962 | Gauntlet | Found a transporter.
 15973 | Gauntlet | Found a transporter.
 16342 | Gauntlet | Killed a wretched star
 16343 | Gauntlet | Reached skill level 1 in Invocations
 16390 | Gauntlet | Identified the amulet "Ucwag" {Faith rCorr Str+2 Int-2
                  | Slay+2}
 16739 | Gauntlet | Noticed a minotaur
 16756 | Gauntlet | Killed a minotaur
 16757 | Gauntlet | Reached skill level 11 in Spellcasting
 17380 | D:11     | Reached * piety under Makhleb
 18076 | D:12     | Noticed a two-headed ogre
 18087 | D:12     | Killed a two-headed ogre
 18522 | D:12     | Noticed a two-headed ogre
 18526 | D:12     | Killed a two-headed ogre
 18708 | D:12     | Noticed Kirke
 18751 | D:12     | Killed Kirke
 18910 | D:12     | Noticed Fannar
 18946 | D:12     | Killed Fannar
 18947 | D:12     | Reached XP level 13. HP: 29/93 MP: 0/0
 18947 | D:12     | Learned a level 5 spell: Metabolic Englaciation
 19067 | D:12     | Reached ** piety under Makhleb
 19078 | D:12     | Noticed a five-headed hydra
 19268 | D:12     | Reached skill level 12 in Spellcasting
 19362 | D:12     | Killed a five-headed hydra
 19958 | Lair:1   | Entered Level 1 of the Lair of Beasts
 20795 | Lair:2   | Reached *** piety under Makhleb
 20796 | Lair:2   | Reached skill level 1 in Shields
 20808 | Lair:2   | Reached skill level 5 in Long Blades
 21032 | Lair:2   | Noticed a five-headed hydra
 21413 | Lair:2   | Killed a five-headed hydra
 21655 | Lair:2   | Reached **** piety under Makhleb
 21713 | Lair:2   | Found a transporter.
 21717 | Lair:2   | Noticed Morbidden's ghost (journeyman TrWz)
 21718 | Lair:2   | Found a transporter.
 21745 | Lair:2   | Found a sparkling altar of Nemelex Xobeh.
 22238 | Lair:3   | Noticed a four-headed hydra
 22239 | Lair:3   | Noticed a six-headed hydra
 22248 | Lair:3   | Killed a one-headed hydra
 22539 | Lair:3   | Reached skill level 13 in Spellcasting
 22543 | Lair:3   | Reached XP level 14. HP: 100/102 MP: 0/0
 22611 | Lair:3   | Reached skill level 10 in Fighting
 22661 | Lair:3   | Identified the +2 tower shield of the Pit {Dex+5}
 22954 | Lair:3   | Found a staircase to the Swamp.
 23216 | Lair:4   | Reached ***** piety under Makhleb
 23459 | Lair:4   | Found a staircase to the Snake Pit.
 24043 | Snake:1  | Entered Level 1 of the Snake Pit
 24074 | Lair:5   | Identified a scroll of acquirement
 24074 | Lair:5   | Acquired a +2 pair of gloves of stealth
 24278 | Lair:5   | Found a dark tunnel.
 24287 | Volcano  | Entered a volcano
 25017 | Lair:5   | Reached skill level 5 in Invocations
 25766 | Lair:6   | Entered Level 6 of the Lair of Beasts
 25786 | Lair:6   | Reached XP level 15. HP: 109/109 MP: 0/0
 25786 | Lair:6   | Learned a level 6 spell: Starburst
 25793 | Lair:6   | Noticed Sonja
 25796 | Lair:6   | Reached ****** piety under Makhleb
 25803 | Lair:6   | Killed Sonja
 25852 | Lair:6   | Found a staircase to the Slime Pits.
 25852 | Lair:6   | Found a viscous altar of Jiyva.
 26150 | Lair:6   | Reached skill level 14 in Spellcasting
 26853 | Lair:6   | Found a runed translucent door.
 26912 | Lair:6   | Reached skill level 5 in Shields
 27824 | D:13     | Reached XP level 16. HP: 110/117 MP: 0/0
 28467 | D:14     | Found a gate to the Vaults.
 28533 | D:14     | Identified the +2 glaive of Seorut {venom, Fragile Str+5}
 28656 | D:14     | Reached skill level 10 in Dodging
 28661 | D:14     | Reached skill level 15 in Spellcasting
 28872 | D:14     | Identified the +0 pair of boots "Apuighynomp" {Harm Will+
                  | Int+3}
 28930 | D:15     | Entered Level 15 of the Dungeon
 29042 | D:15     | Found a staircase to the Depths.
 29137 | D:15     | Found a blossoming altar of Fedhas.
 29715 | Orc:1    | Entered Level 1 of the Orcish Mines
 30058 | Orc:2    | Entered Level 2 of the Orcish Mines
 30081 | Orc:2    | Noticed Erolcha
 30087 | Orc:2    | Killed Erolcha
 30141 | Orc:2    | Found Zamipruc's Distillery.
 30230 | Orc:2    | Found Juil's General Store.
 30276 | Orc:2    | Bought a potion of heal wounds for 65 gold pieces
 30276 | Orc:2    | Bought a potion of heal wounds for 65 gold pieces
 30276 | Orc:2    | Bought a potion of heal wounds for 65 gold pieces
 30471 | Orc:2    | Reached XP level 17. HP: 111/125 MP: 0/0
 30471 | Orc:2    | Learned a level 7 spell: Spellforged Servitor
 30530 | Orc:2    | Found a staircase to the Elven Halls.
 31016 | Orc:2    | Found Xesihes's Jewellery Emporium.
 31016 | Orc:2    | Found Rekackoll's Antique Weapon Shoppe.
 31017 | Orc:2    | Found a one-way gate leading to the halls of Pandemonium.
 32357 | Snake:2  | Reached skill level 10 in Long Blades
 32645 | Snake:2  | Reached skill level 16 in Spellcasting
 32895 | Snake:2  | Found Paotimp's Jewellery Emporium.
 32895 | Snake:2  | Found Ciystre's Book Boutique.
 32896 | Snake:2  | Found Beleth's Book Boutique.
 32917 | Snake:2  | Bought an amulet of regeneration for 360 gold pieces
 32922 | Snake:2  | Bought the ring "Ituykhaf" {Will+ Int+6 Stlth+} for 886
                  | gold pieces
 32964 | Snake:2  | Identified the +5 flail of Blood-Lust {freeze, rC- rCorr
                  | Int+7}
 33232 | Snake:3  | Identified the +3 ring mail of Zin's Reproof {rN+++ rCorr
                  | Int-4 Stlth-}
 33532 | Snake:3  | Found Moelula's Book Emporium.
 33562 | Snake:3  | Found Vozeungo's Assorted Antiques.
 33562 | Snake:3  | Found Ponkyih's Distillery.
 33567 | Snake:3  | Found Buptyr's Weapon Shoppe.
 33570 | Snake:3  | Bought an ancient hat for 279 gold pieces
 33570 | Snake:3  | Identified the +0 hat of the Gloaming {Dex+4 Slay+2 SInv}
                  | (You bought it in a shop on level 3 of the Snake Pit)
 33596 | Snake:3  | Bought a potion of heal wounds for 70 gold pieces
 33611 | Snake:3  | Reached skill level 1 in Evocations
 33654 | Snake:3  | Reached XP level 18. HP: 132/132 MP: 0/0
 33734 | Snake:3  | Noticed Asterion
 33741 | Snake:3  | Killed Asterion
 34076 | Snake:4  | Entered Level 4 of the Snake Pit
 34868 | Snake:4  | Acquired a manual of Armour
 34932 | Snake:4  | Reached XP level 19. HP: 140/140 MP: 0/0
 34932 | Snake:4  | Learned a level 7 spell: Summon Hydra
 35483 | Snake:4  | Got a serpentine rune of Zot
 35658 | Swamp:1  | Entered Level 1 of the Swamp
 35914 | Swamp:1  | Reached skill level 17 in Spellcasting
 36211 | Swamp:2  | Noticed a tentacled monstrosity
 36220 | Swamp:2  | Noticed a tentacled monstrosity
 36221 | Swamp:2  | Killed a tentacled monstrosity
 36223 | Swamp:2  | Noticed Frances
 36227 | Swamp:2  | Noticed Donald
 36232 | Swamp:1  | Killed a tentacled monstrosity
 36485 | Swamp:2  | Killed Frances
 36497 | Swamp:2  | Killed Donald
 36556 | Swamp:2  | Noticed Aizul
 36560 | Swamp:2  | Killed from afar by an eleionoma

Illustrated notes

Levels and vault maps discovered:
D:1:      minmay_arrival_shattered_statue, layout_loops_ring
D:2:      layout_basic, basic_altar, corexii_shack, minmay_misc_feat_x,
          minmay_small_reverse_x
D:3:      layout_basic, general_overflow_altar,
          dreamdust_ecumenical_altar_hidden_monk_grotto
D:4:      layout_loops_cross, nicolae_overflow_crystal_walls, serial_forest,
          infiniplex_forest_side_room, infiniplex_forest_clump_curved,
          infiniplex_forest_lined_2, infiniplex_forest_end_1,
          infiniplex_forest_straight_5, infiniplex_forest_straight_3,
          infiniplex_forest_end_2, kennysheep_small_circle
D:5:      layout_basic, lemuel_crystal_altar, amcnicky_altar_gilded,
          uniq_duvessa
D:6:      layout_gridville, mainiacjoe_overflow_alcove_4, trog_hazing_becter
D:7:      layout_basic, minmay_temple_entry_large_hall, hex_medium,
          kennysheep_generic_room_13, uniq_menkaure, uniq_maggie
D:8:      layout_cave_pools
D:9:      layout_rooms, lemuel_doored_altar, kennysheep_windowed_goal,
          uniq_erica
D:10:     layout_stronghold, david_lair_generic, hiddenorc2_lemuel, minivault_23
D:11:     layout_layer_cave, gauntlet_entry_generic
D:12:     layout_basic, uniq_fannar, uniq_kirke
D:13:     minmay_angry_zag, layout_loops_cross, kennysheep_another_room,
          chequers_serial_rivers_micro_a, minmay_misc_feat_four_crosses,
          nrook_pool_corridor
D:14:     layout_gridville, lightli_vaults_fourway_checkpoint,
          infiniplex_staircase_trident
D:15:     grunt_enter_depths_giant_problem, layout_rooms,
          fedhas_altar_fruit_tree
Temple:   regret_index_temple_waves
Lair:1:   beast_lair_carwin_large_2, layout_chaotic_city, wad_woods_02
Lair:2:   wad_woods_stonehenge, layout_gridlike, gammafunk_ghost_hive,
          serial_bayou, serial_bayou_pond_d, serial_bayou_shore_b,
          serial_bayou_shore_a, serial_bayou_lake_a
Lair:3:   layout_loops_ring, palyth_hydra_swamp_entry, hibernation_bobbens,
          grunt_megastairs_3, minmay_lair_oklob_chamber
Lair:4:   cheibrodos_lair_river_kwai, layout_hall_layers,
          minmay_snake_entry_guardpost_small, wad_woods_road_03,
          chequers_serial_rivers_room_b, grunt_megastairs_5
Lair:5:   wander_river, layout_small_grid, lightli_volcano_entry_magma_tube,
          kilobyte_rumbling_trees
Lair:6:   hangedman_lair_tendril_chambers, layout_hall_layers, wormcave,
          slime_altar_1, uniq_sonja
Swamp:1:  layout_basic_swamp, serial_swamp_ruin, evilmike_swamp_ruin_house_5,
          evilmike_swamp_ruin_house_6, swamp_pool4
Swamp:2:  layout_falls_marsh, evilmike_swamp_ruin_rubble_2, swamp_pool4,
          infiniplex_staircase_pool, uniq_aizul, uniq_donald, uniq_frances
Snake:1:  layout_rooms
Snake:2:  nicolae_snake_hallway, layout_cave_town, st_stairs_1,
          nrook_guardian_serpent_ordinary, minmay_shop_grove
Snake:3:  layout_gridlike, minmay_shoptagon, uniq_asterion
Snake:4:  grunt_snake_rune_serpentine_throne, layout_cave_pods
Orc:1:    layout_caves, serial_shops, shop, nicolae_orc_rockfall
Orc:2:    pf_orc_diabolical, layout_caves, uniq_erolcha

Skill      XL: |  1  2  3  4  5  6  7  8  9 10 11 12 13 14 15 16 17 18 19 |
---------------+----------------------------------------------------------+-----
Spellcasting   | 3 4 5 6 8 9 10 11 13 14 15 16 17 | 17.3
Stealth        | 2 3 4 |  4.7
Fighting       | 1 2 3 4 5 6 8 9 10 11 12 13 14 | 14.2
Dodging        | 3 4 5 6 7 8 9 10 11 | 11.8
Armour         | 1 2 3 4 5 6 |  6.0
Short Blades   | 1 3 4 |  4.5
Long Blades    | 2 4 5 7 8 9 10 11 | 11.1
Invocations    | 2 3 5 6 7 8 9 |  9.1
Shields        | 2 3 5 7 8 |  8.5
Evocations     | 1 |  1.1
Throwing       | |  0.3

Action                   |  1- 3 |  4- 6 |  7- 9 | 10-12 | 13-15 | 16-18 | 19-21 || total
-------------------------+-------+-------+-------+-------+-------+-------+-------++-------
Melee: Dagger            |    30 |     1 |    50 |   150 |    59 |       |       ||   290
       Scimitar          |       |       |       |    15 |   339 |   205 |       ||   559
       Demon blade       |       |       |       |       |       |   157 |    55 ||   212
Throw: Boomerang         |       |       |       |       |     1 |       |       ||     1
       Javelin           |       |       |       |       |     1 |     6 |       ||     7
 Cast: Foxfire           |    67 |    92 |   145 |    69 |       |       |       ||   373
       Pain              |     9 |    21 |    15 |     2 |       |       |       ||    47
       Sticky Flame      |       |       |    12 |    39 |    56 |       |       ||   107
       Inner Flame       |       |       |    20 |    11 |       |     1 |       ||    32
       Fireball          |       |       |       |   124 |   258 |   335 |    61 ||   778
       Call Canine Famil |       |       |       |    34 |    39 |     4 |       ||    77
       Leda's Liquefacti |       |       |       |     3 |     1 |       |       ||     4
       Conjure Flame     |       |       |       |     2 |       |       |       ||     2
       Metabolic Englaci |       |       |       |       |     7 |     1 |       ||     8
       Blink             |       |       |       |       |     1 |       |       ||     1
       Starburst         |       |       |       |       |    90 |   169 |    25 ||   284
       Spellforged Servi |       |       |       |       |       |    26 |     4 ||    30
       Summon Hydra      |       |       |       |       |       |       |    26 ||    26
Invok: Lesser Servant of |       |       |       |       |       |     1 |       ||     1
       Major Destruction |       |       |       |       |       |     1 |       ||     1
Evoke: Wand              |       |       |       |     4 |       |     5 |       ||     9
       Piece from Xom's  |       |       |       |     3 |     4 |     5 |       ||    12
       Phantom mirror    |       |       |       |       |       |       |     1 ||     1
  Use: Potion            |       |     2 |     3 |    11 |     3 |     4 |     2 ||    25
       Scroll            |       |     1 |     1 |    15 |    11 |     5 |     3 ||    36
 Stab: Sleeping          |       |       |     4 |       |     8 |     1 |       ||    13
       Distracted        |       |       |       |     1 |     3 |     2 |     1 ||     7
Armor: Robe              |     9 |     4 |       |       |       |       |       ||    13
       Leather armour    |       |     4 |    30 |       |       |       |       ||    34
       Acid dragon scale |       |       |     1 |    28 |       |       |       ||    29
       Troll leather arm |       |       |       |    77 |   261 |   125 |    28 ||   491
Dodge: Dodged            |    46 |    23 |    83 |   124 |   449 |   351 |    92 ||  1168
Block: Other             |       |       |       |    16 |       |       |       ||    16
       Reflection        |       |       |       |     1 |       |       |       ||     1
       Buckler           |       |       |       |       |   170 |   201 |    47 ||   418
       Rpst.: Scimitar   |       |       |       |       |    68 |    48 |       ||   116
       Demon blade       |       |       |       |       |       |    31 |    16 ||    47

Table legend: (Time is in decaauts)
 A = Elapsed time spent in this place.
 B = Non-inter-level travel time spent in this place.
 C = Inter-level travel time spent in this place.
 D = Time resting spent in this place.
 E = Time spent auto-exploring this place.
 F = Levels seen in this place.
 G = Mean time per level.
                   A        B        C        D        E       F      G
               +--------+--------+--------+--------+--------+-----+--------+
         Total |  36424 |  34245 |   2179 |   4319 |  23261 |  32 | 1138.2 |
       Dungeon |  21038 |  19790 |   1248 |   3158 |  13848 |  15 | 1402.5 |
        Temple |    338 |    310 |     28 |      0 |    309 |   1 |  338.0 |
          Lair |   6922 |   6322 |    600 |    377 |   4544 |   6 | 1153.7 |
         Swamp |    899 |    876 |     23 |    133 |    575 |   2 |  449.5 |
     Snake Pit |   4008 |   3842 |    166 |    148 |   2579 |   4 | 1002.0 |
  Orcish Mines |   1744 |   1631 |    113 |     22 |   1147 |   2 |  872.0 |
       Volcano |    549 |    549 |      0 |     22 |     82 |   1 |  549.0 |
      Gauntlet |    922 |    922 |      0 |    459 |    176 |   1 |  922.0 |
               +--------+--------+--------+--------+--------+-----+--------+

Top non-repeatable levels by time:
     D:7: 2469 daAuts
    D:11: 2103 daAuts
     D:1: 1935 daAuts
     D:4: 1747 daAuts
     D:3: 1742 daAuts
     D:8: 1700 daAuts
  Lair:6: 1478 daAuts
     D:5: 1464 daAuts
 Snake:4: 1446 daAuts
     D:6: 1408 daAuts
  Lair:1: 1386 daAuts
   Orc:2: 1379 daAuts
    D:12: 1264 daAuts
  Lair:5: 1157 daAuts
  Lair:2: 1113 daAuts
